 Dungeon Crawl Stone Soup version 0.17-a0-670-g5d95ebd (webtiles) character file.

3695 nubinia the Summoner (level 10, -5/56 HPs)
             Began as a Tengu Summoner on Apr 18, 2015.
             Was a Believer of Sif Muna.
             Slain by a raven (10 damage)
             ... led by a tengu conjurer
             ... on level 7 of the Dungeon.
             The game lasted 01:16:46 (12884 turns).

nubinia the Summoner (Tengu Summoner)              Turns: 12884, Time: 01:16:46

Health: -5/56      AC: 10    Str:  8    XL:     10   Next: 13%
Magic:  5/21       EV: 15    Int: 18    God:    Sif Muna [**....]
Gold:   117        SH:  0    Dex: 16    Spells: 5 memorised, 7 levels left

rFire  . . .     SeeInvis .     P - +5 quarterstaff (protect)
rCold  . . .     Clarity  +     l - +0 robe
rNeg   . . .     SustAb   .     (no shield)
rPois  .         Gourm    .     (helmet restricted)
rElec  .         Spirit   .     (no cloak)
rCorr  .         Warding  .     (no gloves)
rMut   .         Stasis   .     (boots unavailable)
MR     .....                    M - amulet of clarity
Stlth  +++.......               z - +3 ring of protection
                                h - ring of wizardry

@: not resistant to hostile enchantments, fairly stealthy
A: beak, talons 3, able to fly 1
a: Fly, Channel Energy, Forget Spell, Renounce Religion


You were on level 7 of the Dungeon.
You worshipped Sif Muna.
Sif Muna was pleased with you.
You were not hungry.

You visited 2 branches of the dungeon, and saw 9 of its levels.
You also visited: Sewer.

You collected 348 gold pieces.
You spent 231 gold pieces at shops.

Inventory:

Hand weapons
 a - a +2 halberd of venom
 b - a +0 blowgun
 k - a +0 blowgun
 p - a +2 spear of piercing
 s - a +1 short sword of draining
 N - a +2 halberd
 P - a +5 quarterstaff of protection (weapon)
Missiles
 n - 23 poisoned needles
Armour
 l - a +0 robe (worn)
Jewellery
 g - an uncursed ring of teleportation
 h - a ring of wizardry (left hand)
 i - an uncursed ring of wizardry
 x - an uncursed ring of invisibility
 z - a +3 ring of protection (right hand)
 D - a cursed ring of teleport control
 M - an amulet of clarity (around neck)
Magical devices
 w - a wand of cold (5)
 B - a wand of lightning (6)
 Q - a wand of polymorph (13)
Scrolls
 r - a scroll of fog {unknown}
 E - a scroll of noise {unknown}
 H - 3 scrolls of remove curse
 I - 3 scrolls of teleportation {unknown}
 K - a scroll of fear {unknown}
Potions
 d - 9 potions of curing
 e - 2 potions of restore abilities {unknown}
 f - a potion of magic
 j - a potion of haste
 m - a potion of mutation
 o - 2 potions of agility
 t - a potion of might
 v - a potion of berserk rage
 A - 3 potions of brilliance
 C - 2 potions of ambrosia
 G - a potion of degeneration
 L - 3 potions of heal wounds
Books
 q - a book of Callings

   Spells                             Type                      Level
   a - Summon Small Mammal            Summoning                    1
   b - Call Imp                       Summoning                    2
   c - Call Canine Familiar           Summoning                    3
   d - Summon Guardian Golem          Hexes/Summoning              3
   e - Summon Lightning Spire         Summoning/Air                4
   f - Summon Ice Beast               Ice/Summoning                4
 y - a book of Enchantments

   Spells                             Type                      Level
   a - Cause Fear                     Hexes                        4
   b - Silence                        Hexes/Air                    5
   c - Deflect Missiles               Charms/Air                   6
   d - Haste                          Charms                       6
   e - Discord                        Hexes                        8
Comestibles
 c - 6 bread rations
 F - a royal jelly
 J - a meat ration
 O - a beef jerky


   Skills:
 + Level 3.5 Fighting
 + Level 3.5(3.6) Polearms
 + Level 1.0(2.4) Staves
 + Level 2.5 Throwing
 + Level 5.0 Dodging
 + Level 4.7 Stealth
 + Level 0.9 Unarmed Combat
 * Level 6.9 Spellcasting
 * Level 9.3 Summonings
 * Level 2.3 Ice Magic
 * Level 6.4 Air Magic


You had 7 spell levels left.
You knew the following spells:

 Your Spells              Type           Power        Failure   Level  Hunger
a - Summon Small Mammal   Summ           ####         1%          1    None
b - Call Canine Familiar  Summ           #####...     1%          3    ##.....
c - Summon Guardian Gole  Hex/Summ       ###.....     2%          3    ##.....
d - Summon Lightning Spi  Summ/Air       ####....     1%          4    ####...
e - Summon Ice Beast      Ice/Summ       ####....     4%          4    ####...


Dungeon Overview and Level Annotations

Branches:
Dungeon (8/15)             Temple (1/1) D:7
   Lair: D:8-11

Altars:
Ashenzari
Cheibriados
Dithmenos
Elyvilon
Fedhas
Gozag
Kikubaaqudgha
Makhleb
Nemelex Xobeh
Okawaru
Qazlal
Sif Muna
Trog
Vehumet
Xom
Yredelemnul
Zin
The Shining One

Shops:
D:6 =   D:7 (   D:8 ?


Innate Abilities, Weirdness & Mutations

You have a beak for a mouth.
You have claws for feet.
You can fly.


Message History

Drink which item? (? for menu, Esc to quit)
You feel better. The raven pecks your lightning spire!
The raven claws your lightning spire!
Your lightning spire is destroyed!
The scorpion barely misses you.
Casting: Summon Lightning Spire
Confirm with . or Enter, or press ? or * to list all spells.
Aiming: Summon Lightning Spire
Press: ? - help, Dir - move target cursor An electric hum fills the air.
The scorpion misses you.
Casting: Summon Lightning Spire
Confirm with . or Enter, or press ? or * to list all spells.
The raven pecks you!
* * * LOW HITPOINT WARNING * * *
The raven claws you.
* * * LOW HITPOINT WARNING * * *
The scorpion stings you.
* * * LOW HITPOINT WARNING * * *
The raven pecks you!
You die...

....####...........##
#####
..................##
.###...........#.#####
#######.......###....#
..####..#...### ##..##
.......###..# ##.##
####..## #..##
##8.>### ####
##..###.s....## #
#.#..#.@#.....# ####
#####..#bh.#### ...#
##.#..## #### ###.## #
###


You could see a raven, a scorpion, a friendly wolf and a friendly lightning
spire.

Vanquished Creatures
  Prince Ribbit (D:7)
  A wyvern (D:8)
  A hippogriff (D:8)
  Menkaure (D:5)
  A phantom (D:8)
  A centaur (D:7)
  An ogre (D:3)
  A big kobold (Sewer)
  3 giant frogs
  2 scorpions
  A centaur zombie (D:8)
  3 hounds
  A giant frog zombie (D:5)
  An orc priest (D:6)
  8 worker ants
  An iguana (D:6)
  A hound skeleton (D:7)
  A gnoll (D:7)
  2 adders
  2 shadow imps
  An ooze (D:2)
  An adder zombie (D:8)
  A worm (D:4)
  15 orcs
  2 ball pythons
  2 bat skeletons
  6 giant cockroaches
  4 hobgoblins
  11 jackals
  14 kobolds
  2 quokkas
  16 bats
  A giant gecko skeleton (D:6)
  5 giant newts
  9 goblins
  13 rats
137 creatures vanquished.

Vanquished Creatures (collateral kills)
  Joseph (D:8)
  A two-headed ogre (D:8)
  The ghost of jernau the Magician, an average HOFE (D:4)
  A hippogriff (D:8)
  A black bear (D:6)
  An orc warrior (D:7)
  2 necrophages (D:8)
  3 sky beasts
  2 ice beasts (D:8)
  3 ogres
  3 centaurs
  A big kobold (Sewer)
  A wyvern zombie (D:8)
  A scorpion (D:6)
  4 wights (D:8)
  A giant frog zombie (D:8)
  A centaur zombie (D:8)
  4 crimson imps
  3 hounds
  An iguana (D:8)
  3 orc priests
  4 orc wizards
  A gnoll shaman (D:7)
  2 worker ants
  A hound skeleton (D:4)
  8 gnolls
  8 adders
  A river rat (D:3)
  2 shadow imps
  An adder skeleton (D:8)
  2 worms (D:2)
  A giant gecko (D:2)
  12 orcs
  A ball python (D:3)
  5 bats
  A giant cockroach (D:1)
  8 hobgoblins
  A giant gecko zombie (D:8)
  2 giant newts
  2 goblins (D:1)
  5 jackals
  11 kobolds
  5 rats
123 creatures vanquished.

Vanquished Creatures (others)
  A wolf (D:8)
  18 hounds
  2 lightning spires (D:7)
  A hobgoblin (D:6)
  7 quokkas
  5 bats
  4 rats
38 creatures vanquished.

Grand Total: 298 creatures vanquished

Notes
Turn   | Place    | Note
--------------------------------------------------------------
     0 | D:1      | nubinia, the Tengu Summoner, began the quest for the Orb.
     0 | D:1      | Reached XP level 1. HP: 10/10 MP: 4/4
   224 | D:1      | Reached skill level 5 in Summonings
   933 | D:1      | Reached XP level 2. HP: 15/15 MP: 4/6
  2258 | D:2      | Reached XP level 3. HP: 17/19 MP: 7/7
  2269 | D:2      | Learned a level 3 spell: Call Canine Familiar
  3357 | D:2      | Reached XP level 4. HP: 18/24 MP: 6/9
  4501 | D:3      | Found a glowing drain.
  4556 | Sewer    | Entered a sewer
  4561 | Sewer    | Learned a level 3 spell: Summon Guardian Golem
  4629 | Sewer    | Gained mutation: You can fly. [Tengu growth]
  4629 | Sewer    | Reached XP level 5. HP: 24/28 MP: 10/10
  4672 | Sewer    | Reached skill level 6 in Summonings
  4785 | Sewer    | Noticed a big kobold
  4785 | Sewer    | Noticed a big kobold
  4798 | Sewer    | Killed a big kobold
  4817 | Sewer    | Killed a big kobold
  4903 | D:3      | Noticed an ogre
  5422 | D:3      | Reached XP level 6. HP: 33/33 MP: 7/12
  5527 | D:3      | Killed an ogre
  5527 | D:3      | Reached skill level 1 in Fighting
  5818 | D:4      | Noticed jernau's ghost (average HOFE)
  6207 | D:4      | Learned a level 4 spell: Summon Lightning Spire
  6299 | D:4      | Reached skill level 1 in Air Magic
  6375 | D:4      | Found a stormy altar of Qazlal.
  6670 | D:4      | Reached XP level 7. HP: 38/38 MP: 14/14
  6754 | D:4      | Killed jernau's ghost
  7058 | D:5      | Entered Level 5 of the Dungeon
  7545 | D:5      | Reached skill level 1 in Polearms
  7545 | D:5      | Reached skill level 1 in Throwing
  7545 | D:5      | Reached skill level 7 in Summonings
  7545 | D:5      | Reached XP level 8. HP: 39/43 MP: 13/15
  7631 | D:5      | Noticed Menkaure
  7802 | D:5      | Found a shadowy altar of Dithmenos.
  7985 | D:5      | Reached skill level 5 in Air Magic
  8424 | D:5      | Reached skill level 5 in Spellcasting
  8641 | D:5      | Killed Menkaure
  9497 | D:6      | Learned a level 4 spell: Summon Ice Beast
  9539 | D:6      | Found Gumaduum's Jewellery Boutique.
  9552 | D:6      | Reached XP level 9. HP: 39/49 MP: 18/18
 10069 | D:7      | Found a staircase to the Ecumenical Temple.
 10082 | Temple   | Entered the Ecumenical Temple
 10155 | Temple   | Became a worshipper of Sif Muna the Loreminder
 10469 | D:7      | Noticed Prince Ribbit
 10489 | D:7      | Killed Prince Ribbit
 10792 | D:7      | Reached skill level 8 in Summonings
 10979 | D:7      | Found Refra's Antique Weapon Emporium.
 10983 | D:7      | Bought a glowing halberd for 116 gold pieces
 10983 | D:7      | Bought a glowing spear for 87 gold pieces
 11620 | D:8      | Acquired Sif Muna's first power
 11842 | D:8      | Reached skill level 1 in Ice Magic
 12219 | D:8      | Noticed Joseph
 12231 | D:8      | Killed Joseph
 12396 | D:8      | Reached skill level 9 in Summonings
 12465 | D:8      | Reached skill level 5 in Dodging
 12580 | D:8      | Reached XP level 10. HP: 34/56 MP: 14/21
 12746 | D:8      | Found Podafur's Magic Scroll Boutique.
 12751 | D:8      | Bought a scroll of identify for 28 gold pieces
 12764 | D:8      | Acquired Sif Muna's second power
 12858 | D:8      | Reached skill level 1 in Staves
 12884 | D:7      | Slain by a raven

Action                   |  1- 3 |  4- 6 |  7- 9 | 10-12 || total
-------------------------+-------+-------+-------+-------++-------
Melee: Unarmed           |   137 |     4 |       |       ||   141
       Halberd           |       |   140 |   199 |       ||   339
       Spear             |       |       |    16 |     7 ||    23
       Quarterstaff      |       |       |    15 |    18 ||    33
 Fire: Blowgun           |       |     7 |    47 |     4 ||    58
 Cast: Summon Small Mamm |    36 |    24 |     6 |       ||    66
       Call Canine Famil |    11 |    28 |    43 |     3 ||    85
       Summon Guardian G |       |     1 |     1 |       ||     2
       Summon Lightning  |       |       |    17 |     7 ||    24
       Summon Ice Beast  |       |       |     2 |       ||     2
 Abil: Fly               |       |     5 |     1 |       ||     6
  Use: Scroll            |       |     6 |     7 |     2 ||    15
       Potion            |       |     1 |     1 |     1 ||     3
 Stab: Sleeping          |     4 |     6 |    15 |     2 ||    27
       Distracted        |       |     3 |     8 |     1 ||    12
       Betrayed ally     |       |       |     1 |       ||     1
  Eat: Chunk             |     9 |    15 |    22 |     2 ||    48
       Beef jerky        |       |       |     1 |       ||     1
